 Dungeon Crawl Stone Soup version 0.28.0-1-gb440e238dd (webtiles) character file.

Game seed: 6761374800887608139

241 fknight the Covered (level 6, -8/48 HPs)
             Began as a Human Fighter on Feb 19, 2022.
             Was a Priest of Jiyva.
             Mangled by an ogre (29 damage)
             ... on level 4 of the Dungeon.
             The game lasted 00:13:53 (2910 turns).

fknight the Covered (Human Fighter)                 Turns: 2910, Time: 00:13:54

Health: -8/48      AC:  6    Str: 18    XL:     6   Next: 30%
Magic:  6/6        EV:  5    Int:  9    God:    Jiyva [***...]
Gold:   137        SH:  4    Dex: 12    Spells: 5/5 levels left

rFire   . . .      SeeInvis .   m - +2 rapier (chaos)
rCold   . . .      Faith    .   c - +0 buckler
rNeg    . . .      Spirit   .   s - +0 plate armour
rPois   .          Reflect  .   (no helmet)
rElec   .          Harm     .   (no cloak)
rCorr   +          Rampage  .   (no gloves)
Will    .....                   (no boots)
Stlth   ..........              (no amulet)
HPRegen 1.28/turn               (no ring)
MPRegen 0.45/turn               (no ring)

@: no status effects
A: talons 1, pseudopods 3
a: Renounce Religion, Oozemancy


You were on level 4 of the Dungeon.
You worshipped Jiyva.
Jiyva was most pleased with you.
You visited 1 branch of the dungeon, and saw 4 of its levels.

You collected 137 gold pieces.

Inventory:

Hand Weapons
 a - a +0 long sword
 h - a +4 whip
 i - a +2 hunting sling of freezing
 m - a +2 rapier of chaos (weapon)
 n - a +2 rapier of chaos
 o - a +2 whip of chaos
Missiles
 f - 111 stones
 g - 6 poisoned darts (quivered)
 q - 13 bolts
Armour
 c - a +0 buckler (worn)
 s - a +0 plate armour (worn)
Magical Staves
 p - a staff of death
Wands
 b - a wand of acid (14)
 t - a wand of paralysis (5)
 u - a wand of flame (16)
Scrolls
 j - 3 scrolls of magic mapping
 k - a scroll of identify {unknown}
 l - a scroll of enchant weapon {unknown}
 r - a scroll of fog {unknown}
 w - a scroll of silence {unknown}
Potions
 d - a potion of might
 e - a potion of brilliance {unknown}
 v - a potion of mutation {unknown}


   Skills:
 + Level 4.0 Fighting
 + Level 1.2(2.3) Short Blades
 + Level 3.1(3.3) Long Blades
 + Level 1.9 Maces & Flails
 + Level 4.1 Armour
 + Level 0.9 Dodging
 + Level 3.2 Shields


You had 5 spell levels left.
You didn't know any spells.
Your spell library contained the following spells:

 Spells                   Type           Power      Damage    Failure   Level
 Passage of Golubria      Tloc           0%         N/A       100%        4
 Silence                  Hex/Air        0%         N/A       100%        5
 Lehudib's Crystal Spear  Conj/Erth      0%         10d2      100%        8


Dungeon Overview and Level Annotations

Branches:
Dungeon (4/15)             Temple (0/1) D:4

Altars:
Wu Jian
Xom
Jiyva


Innate Abilities, Weirdness & Mutations

You have sharp toenails.
Armour fits poorly on your massive pseudopods.


Message History

You block the worm's attack.
You hear a distant slurping noise.
You hear a squelching noise.
The worm bites you.
You hit the worm. You freeze the worm. You bludgeon the worm!
The worm is almost dead.
You hear a distant slurping noise.
You puncture the worm!
You kill the worm!
You see here a worm corpse.
Found a stone staircase leading down.
You hear a distant slurping noise.
There is a stone staircase leading down here.
Found a stone staircase leading down.
An ogre comes into view. It is wielding a +0 giant spiked club.
You throw a poisoned dart. The poisoned dart hits the ogre.
The ogre is poisoned.
You throw a poisoned dart. The poisoned dart hits the ogre.
An adder comes into view.
You throw a poisoned dart. The poisoned dart hits the ogre.
You throw a poisoned dart. The poisoned dart hits the ogre.
The ogre looks more healthy.
You throw a poisoned dart. The poisoned dart hits the ogre.
You hit the ogre. You claw the ogre, but do no damage.
The ogre is lightly wounded.
You block the ogre's attack.
You hit the ogre.
The ogre seems to speed up.
Your bludgeon misses the ogre.
The ogre is lightly wounded.
The adder bites you but does no damage.
The ogre hits you with a +0 giant spiked club.
The adder bites you.
You hear a distant slurping noise.
You closely miss the ogre. You claw the ogre!
The ogre is heavily wounded.
The ogre hits you with a +0 giant spiked club!!
The adder barely misses you.
You puncture the ogre! You claw the ogre! Your bludgeon misses the ogre.
The ogre is almost dead.
The ogre hits you with a +0 giant spiked club!!
Ouch! That really hurt!
You die...

#................##.##...###
........................###
#
................#######>.##
# ..............# ##....###
........##....# ##........
...... #..####......##.
......# #..##.......####
.......##...........# #
......S@...........## #.
......O..>.........# #.
.....(.............# .
....(.........#...##
...(........#####...
..(........## .....
.(.........# .....#
............ ... ...


You could see an ogre (fast) and an adder.

Vanquished Creatures
  A bullfrog (D:4)
  Natasha (D:2)
  A hound skeleton (D:4)
  4 gnolls (D:2)
  4 adders
  A dart slug (D:1)
  2 worms
  An orc (D:2)
  An endoplasm (D:1)
  3 giant cockroaches
  7 goblins
  5 hobgoblins
  3 jackals (D:1)
  4 quokkas
  7 ball pythons
  4 bats
  6 frilled lizards
  6 kobolds
  12 rats
73 creatures vanquished.

Vanquished Creatures (others)
  2 centaurs (D:4)
  2 jellies (D:4)
  Natasha (twice) (D:2)
  2 adders (D:2)
  A goblin (D:1)
  A kobold (D:3)
10 creatures vanquished.

Grand Total: 83 creatures vanquished

Notes
Turn   | Place    | Note
-------+----------+-------------------------------------------
     0 | D:1      | fknight the Human Fighter began the quest for the Orb.
     0 | D:1      | Reached XP level 1. HP: 18/18 MP: 1/1
   220 | D:1      | Reached XP level 2. HP: 16/24 MP: 2/2
   487 | D:1      | Found a faded altar of an unknown god.
   519 | D:1      | Prayed at the altar of an unknown god.
   519 | D:1      | Became a worshipper of Jiyva Jiatuif the Shapeless
   519 | D:1      | Reached * piety under Jiyva
   676 | D:1      | Reached XP level 3. HP: 29/29 MP: 3/3
  1010 | D:2      | Noticed Natasha
  1022 | D:2      | Killed Natasha
  1125 | D:2      | Noticed Natasha
  1143 | D:2      | Killed Natasha
  1144 | D:2      | Reached XP level 4. HP: 34/37 MP: 4/4
  1161 | D:2      | Reached ** piety under Jiyva
  1230 | D:2      | Killed Natasha
  1294 | D:2      | Reached XP level 5. HP: 41/42 MP: 5/5
  1450 | D:2      | Reached skill level 1 in Maces & Flails
  1653 | D:3      | Found an ornate altar of the Wu Jian Council.
  1794 | D:3      | Found a large runed translucent door.
  1794 | D:3      | Found a large runed translucent door.
  1797 | D:3      | Found a shimmering altar of Xom.
  2358 | D:4      | Noticed a bullfrog
  2363 | D:4      | Killed a bullfrog
  2364 | D:4      | Reached XP level 6. HP: 47/48 MP: 6/6
  2394 | D:4      | Found a staircase to the Ecumenical Temple.
  2405 | D:4      | Reached skill level 1 in Short Blades
  2608 | D:4      | Reached *** piety under Jiyva
  2848 | D:4      | Gained mutation: Armour fits poorly on your pseudopods.
                  | [Jiyva's grace]
  2848 | D:4      | Gained mutation: Armour fits poorly on your large
                  | pseudopods. [Jiyva's grace]
  2848 | D:4      | Gained mutation: Armour fits poorly on your massive
                  | pseudopods. [Jiyva's grace]
  2848 | D:4      | Gained mutation: You have sharp toenails. [Jiyva's grace]
  2901 | D:4      | Noticed an ogre
  2910 | D:4      | Mangled by an ogre

Illustrated notes

Levels and vault maps discovered:
D:1:      giann_wishing_wells, layout_rooms,
          shapermc_ecumenical_altar_notcrosses, nrook_uturn
D:2:      layout_rooms, corexii_shack, uniq_natasha
D:3:      due_chaos_kobolds, layout_loops_ring,
          nicolae_wu_jian_immortal_techniques
D:4:      layout_layer_cave, minmay_temple_entry_ruins, minmay_manual_mares

Skill      XL: |  1  2  3  4  5  6 |
---------------+-------------------+-----
Long Blades    | 3 |  3.1
Maces & Flails | 1 |  1.9
Fighting       | 4 |  4.0
Armour         | 4 |  4.1
Short Blades   | 1 |  1.2
Dodging        | |  0.9
Shields        | |  3.2

Action                   |  1- 3 |  4- 6 || total
-------------------------+-------+-------++-------
Melee: Long sword        |    76 |       ||    76
       Whip              |    29 |    71 ||   100
       Rapier            |       |    57 ||    57
       Kick              |       |     3 ||     3
       Pseudopods        |       |     1 ||     1
Throw: Dart              |       |     5 ||     5
  Use: Scroll            |     1 |     1 ||     2
Armor: Scale mail        |    51 |    48 ||    99
       Plate armour      |       |    25 ||    25
Dodge: Dodged            |    57 |    35 ||    92
Block: Buckler           |    29 |    26 ||    55
